 Dungeon Crawl Stone Soup version 0.27-a0-74-gebd156f8b4 (webtiles) character file.

Game seed: 7013748215912939251

499 Essalna the Magician (level 6, -7/30 (32) HPs)
             Began as a Deep Elf Earth Elementalist on Jan 11, 2021.
             Mangled by a wight
             ... wielding a +0 war axe
              (18 damage)
             ... on level 6 of the Dungeon.
             The game lasted 00:07:24 (4328 turns).

Essalna the Magician (Deep Elf Earth Elementalist)  Turns: 4328, Time: 00:07:24

HP:   -7/30 (32)    AC:  2    Str:  5    XL:     6   Next: 94%
MP:   5/17          EV: 13    Int: 22    God:
Gold: 92            SH:  0    Dex: 15    Spells: 14/18 levels left

rFire    . . .     SeeInvis .   a - +0 dagger (curse)
rCold    . . .     Faith    .   (no shield)
rNeg     . . .     Spirit   .   c - +0 robe
rPois    .         Reflect  .   (no helmet)
rElec    .         Harm     +   g - scarf {harm}
rCorr    .         Rampage  .   (no gloves)
Will     .....                  (no boots)
Stlth    ++........             (no amulet)
HPRegen  0.10/turn              (no ring)
MPRegen  0.15/turn              (no ring)

@: drained
A: no striking features
a: no special abilities


You were on level 6 of the Dungeon.
You visited 1 branch of the dungeon, and saw 4 of its levels.

You collected 92 gold pieces.

Inventory:

Hand Weapons
 a - a cursed +0 dagger (weapon)
 m - a cursed -3 dagger
 q - a +2 short sword of venom
Missiles
 d - 34 poisoned darts
Armour
 c - a +0 robe (worn)
 g - a scarf of harm (worn)
Jewellery
 v - an uncursed amulet of guardian spirit {unknown}
Scrolls
 i - 4 scrolls of identify {unknown}
 j - a scroll of teleportation {unknown}
 l - a scroll of remove curse {unknown}
 n - a scroll of fog {unknown}
 o - a scroll of noise {unknown}
 r - a scroll of random uselessness {unknown}
 s - a scroll of enchant armour {unknown}
Potions
 e - 4 potions of curing {unknown}
 f - 3 potions of attraction {unknown}
 h - a potion of brilliance {unknown}
 k - a potion of heal wounds {unknown}
 p - a potion of lignification {unknown}
 t - a potion of berserk rage
 u - a potion of experience {unknown}


   Skills:
 - Level 2.4 Dodging
 - Level 2.4 Stealth
 + Level 6.7 Spellcasting
 + Level 3.5 Conjurations
 - Level 1.1 Transmutations
 + Level 5.9 Earth Magic


You had 14 spell levels left.
You knew the following spells:

 Your Spells              Type           Power        Failure   Level
a - Sandblast             Erth           66%          1%          1
b - Stone Arrow           Conj/Erth      56%          3%          3

Your spell library contained the following spells:

 Spells                   Type           Power        Failure   Level
 Passwall                 Tmut/Erth      18%          3%          2
 Petrify                  Tmut/Erth      22%          21%         4
 Lee's Rapid Deconstruct  Erth           16%          21%         5


Dungeon Overview and Level Annotations

Branches:
Dungeon (6/15)
 Temple: D:4-7

Altars:


Message History

The wight is lightly damaged.
The wight barely misses you.
Casting: Stone Arrow (dangerous; 3% risk of failure)
Confirm with . or Enter, or press ? or * to list all spells.
Aiming: Stone Arrow (dangerous; 3% risk of failure)
Press: ? - help, Shift-Dir - straight line, f/p - wight
Aim: a wight, wielding a +0 halberd and wearing a +0 robe (lightly damaged, 29% to evade)
The stone arrow misses the wight.
The wight closely misses you.
Casting: Stone Arrow (dangerous; 3% risk of failure)
Confirm with . or Enter, or press ? or * to list all spells.
Aiming: Stone Arrow (dangerous; 3% risk of failure)
Press: ? - help, Shift-Dir - straight line, f/p - wight
Aim: a wight, wielding a +0 halberd and wearing a +0 robe (lightly damaged, 29% to evade)
The stone arrow hits the wight.
The wight is moderately damaged.
The wight hits you from afar with a +0 halberd!
You feel drained. The wight hits you with a +0 war axe!
Ouch! That really hurt!
You die...

##......##..... #....
.... )......... ##....
...............####.....
.............#........
............ .#.#....
#..##.#........ #.##(..
.......z....# ##..## #..
#.z..## ## #..(#
#...#@....###( ###..#
#.........##..##.##.#
#..###....###..#.#..#
#..###...##.##..รท).##
...........#.#..#.### ..
..##............# .
.........##.##.#####
.............#.......
############.#.######


You could see 2 wights.

Vanquished Creatures
  A centaur (D:6)
  A bullfrog (D:6)
  2 wights (D:6)
  4 orc wizards
  3 gnolls (D:3)
  2 adders
  A shadow imp (D:6)
  An ooze (D:3)
  2 worms
  A dart slug (D:1)
  A leopard gecko (D:3)
  11 orcs
  5 giant cockroaches (D:1)
  8 hobgoblins
  7 jackals
  A quokka (D:6)
  A ball python (D:1)
  9 bats
  2 frilled lizards
  9 goblins
  10 kobolds
  10 rats
92 creatures vanquished.

Notes
Turn   | Place    | Note
-------+----------+-------------------------------------------
     0 | D:1      | Essalna the Deep Elf Earth Elementalist began the quest for
                  | the Orb.
     0 | D:1      | Reached XP level 1. HP: 10/10 MP: 6/6
   546 | D:1      | Reached XP level 2. HP: 6/15 MP: 5/8
  1122 | D:1      | Reached skill level 4 in Spellcasting
  1151 | D:1      | Reached XP level 3. HP: 13/19 MP: 8/10
  1158 | D:1      | Learned a level 3 spell: Stone Arrow
  3002 | D:2      | Reached XP level 4. HP: 24/24 MP: 9/12
  3257 | D:3      | Reached skill level 5 in Spellcasting
  3265 | D:3      | Reached skill level 1 in Conjurations
  3393 | D:3      | Reached XP level 5. HP: 28/28 MP: 12/14
  3497 | D:3      | Reached skill level 5 in Earth Magic
  3927 | D:3      | You fall into a shaft and drop 3 floors!
  3962 | D:6      | Noticed a centaur
  3975 | D:6      | Killed a centaur
  3976 | D:6      | Reached XP level 6. HP: 20/32 MP: 13/16
  4106 | D:6      | Reached skill level 6 in Spellcasting
  4328 | D:6      | Mangled by a wight

Illustrated notes

Levels and vault maps discovered:
D:1:      dpeg_arrival_prison, layout_rooms, minmay_quantized
D:2:      layout_loops_corners
D:3:      layout_rooms
D:6:      layout_basic, minmay_between

Skill      XL: |  1  2  3  4  5  6 |
---------------+-------------------+-----
Spellcasting   | 4 5 6 |  6.7
Earth Magic    | 4 5 |  5.9
Conjurations   | 1 2 3 |  3.5
Dodging        | |  2.4
Stealth        | |  2.4
Transmutations | |  1.1

Action                   |  1- 3 |  4- 6 || total
-------------------------+-------+-------++-------
Melee: Dagger            |    63 |    19 ||    82
       Unarmed           |     3 |       ||     3
 Cast: Sandblast         |    55 |    58 ||   113
       Stone Arrow       |       |     3 ||     3
 Stab: Sleeping          |     4 |     2 ||     6
Armor: Robe              |    17 |     5 ||    22
Dodge: Dodged            |    75 |    34 ||   109

Table legend: (Time is in decaauts)
 A = Elapsed time spent in this place.
 B = Non-inter-level travel time spent in this place.
 C = Inter-level travel time spent in this place.
 D = Time resting spent in this place.
 E = Time spent auto-exploring this place.
 F = Levels seen in this place.
 G = Mean time per level.
                   A        B        C        D        E       F      G
               +--------+--------+--------+--------+--------+-----+--------+
         Total |   4327 |   4235 |     92 |      0 |   3671 |   4 | 1081.8 |
       Dungeon |   4327 |   4235 |     92 |      0 |   3671 |   4 | 1081.8 |
               +--------+--------+--------+--------+--------+-----+--------+

Top non-repeatable levels by time:
     D:1: 1746 daAuts
     D:2: 1390 daAuts
     D:3: 790 daAuts
     D:6: 400 daAuts
